 Dungeon Crawl Stone Soup version 0.18.1-48-g4cf74bf (webtiles) character file.

702 Inkary the Chopper (level 7, -22/93 HPs)
             Began as a Hill Orc Gladiator on Aug 30, 2016.
             Killed from afar by a gnoll (30 damage)
             ... with an exploding inner flame
             ... hexed by the player character
             ... on level 5 of the Dungeon.
             The game lasted 00:06:59 (4948 turns).

Inkary the Chopper (Hill Orc Gladiator)             Turns: 4948, Time: 00:07:00

Health: -22/93     AC: 23    Str: 18    XL:     7   Next: 66%
Magic:  7/7        EV:  2    Int: 13    God:
Gold:   235        SH:  4    Dex: 13    Spells: 0 memorised, 6 levels left

rFire  . . .     SeeInvis .     a - +0 war axe
rCold  . . .     Gourm    .     (armour currently unavailable)
rNeg   + + +     Faith    .     m - +0 buckler
rPois  +         Spirit   .     (helmet currently unavailable)
rElec  .         Dismiss  .     (cloak currently unavailable)
rCorr  .         Reflect  .     (gloves currently unavailable)
SustAt .         Harm     .     (boots currently unavailable)
MR     .....     NoTele   +     (no amulet)
Stlth  +.........               (no ring)
                                (no ring)

@: brilliant, tree-form, marked, not resistant to hostile enchantments, very
unstealthy
A: no striking features
a: no special abilities


You were on level 5 of the Dungeon.
You were hungry.
You were a tree.
You visited 1 branch of the dungeon, and saw 5 of its levels.

You collected 235 gold pieces.

Inventory:

Hand Weapons
 a - a +0 war axe (weapon)
 e - a +0 rapier of holy wrath
Missiles
 d - 3 throwing nets (quivered)
Armour
 c - a +0 helmet (melded)
 l - a +0 pair of gloves
 m - a +0 buckler (worn)
 t - a +0 ring mail (melded)
Jewellery
 b - an uncursed ring of see invisible {unknown}
Scrolls
 h - a scroll of amnesia {unknown}
 i - 2 scrolls of enchant weapon {unknown}
 j - 2 scrolls of teleportation {unknown}
 n - a scroll of fog
 r - a scroll of magic mapping {unknown}
 v - a scroll of identify
Potions
 q - a potion of lignification
Comestibles
 f - 3 bread rations
 g - a beef jerky
 p - a meat ration
 s - 3 fruits
 u - 3 chunks of flesh


   Skills:
 + Level 5.8 Fighting
 + Level 6.6 Axes
 - Level 1.7 Throwing
 + Level 3.6 Armour
 - Level 3.3 Dodging
 + Level 3.1 Shields


You had 6 spell levels left.
You didn't know any spells.

Dungeon Overview and Level Annotations

Branches:
Dungeon (5/15)
 Temple: D:4-7

Altars:
Ashenzari
Cheibriados
Elyvilon
Fedhas
Nemelex Xobeh
Xom
Zin

Annotations:
D:4 Beardbeard's ghost, novice FoFi


Message History

The ogre is severely wounded.
You hit the gnoll.
The gnoll is heavily wounded.
You hit the gnoll.
The gnoll is heavily wounded.
The gnoll hits you but does no damage. You block the gnoll's attack.
The ogre hits you with a giant spiked club!
* * * LOW HITPOINT WARNING * * *
Read which item? (? for menu, Esc to quit)
As you read the scroll labeled ATADADGH TEUGIPP, it crumbles to dust.
The creatures around you are filled with an inner flame!
It was a scroll of immolation.
The gnoll barely misses you. You block the gnoll's attack.
The gnoll hits you but does no damage. The ogre hits you but does no damage.
You hit the ogre.
The ogre is almost dead.
You hit the gnoll.
The gnoll explodes!
The fiery explosion engulfs you!
You die...

...............#.........#
...............#.........#
...............#.........#
...............#.........#
...............##...##...#
..........############...#
....##'####..§§§§§§..#...#
.............§§Ogg§..#...#
..............§§♣g§..#...#
#######..##...###§§§##...#
## #..##...###§§.##...# #
#........#.........#
.........#.........#
##........'.........#
#..########...##...#
#..##...###...##...# ..
##.......>..#...#


You could see an ogre (inner flame) and 3 gnolls.

Vanquished Creatures
  Edmund (D:5)
  Duvessa (D:4)
  Dowan (D:4)
  A water moccasin skeleton (D:3)
  2 howler monkeys
  An orc wizard (D:4)
  3 worker ants
  A hound skeleton (D:4)
  10 adders
  An ooze (D:1)
  A worm (D:2)
  3 dart slugs (D:1)
  2 giant geckos
  4 orcs (D:4)
  2 ball pythons
  5 giant cockroaches
  9 goblins
  9 hobgoblins
  4 jackals (D:2)
  4 quokkas
  16 bats
  9 giant newts
  6 kobolds
  7 rats
103 creatures vanquished.

Notes
Turn   | Place    | Note
--------------------------------------------------------------
     0 | D:1      | Inkary the Hill Orc Gladiator began the quest for the Orb.
     0 | D:1      | Reached XP level 1. HP: 18/18 MP: 1/1
   157 | D:1      | Reached XP level 2. HP: 23/25 MP: 2/2
   520 | D:1      | Reached XP level 3. HP: 27/31 MP: 3/3
  1351 | D:2      | Reached XP level 4. HP: 37/40 MP: 4/4
  1676 | D:2      | Reached skill level 1 in Armour
  1736 | D:2      | Reached XP level 5. HP: 32/46 MP: 5/5
  1743 | D:2      | Reached skill level 5 in Axes
  2565 | D:3      | Found a white marble altar of Elyvilon.
  2566 | D:3      | Found a snail-covered altar of Cheibriados.
  2727 | D:3      | Found a shattered altar of Ashenzari.
  2788 | D:3      | Found a blossoming altar of Fedhas.
  2789 | D:3      | Found a glowing silver altar of Zin.
  2790 | D:3      | Found a shimmering altar of Xom.
  2839 | D:3      | Found a sparkling altar of Nemelex Xobeh.
  3185 | D:4      | Noticed Dowan
  3186 | D:4      | Noticed Duvessa
  3211 | D:3      | Reached skill level 1 in Shields
  3211 | D:3      | Reached XP level 6. HP: 48/53 MP: 6/6
  3232 | D:4      | Killed Duvessa
  3232 | D:4      | Reached skill level 5 in Fighting
  3238 | D:4      | Killed Dowan
  3238 | D:4      | Reached skill level 6 in Axes
  3255 | D:4      | Reached XP level 7. HP: 24/61 MP: 7/7
  3526 | D:4      | Noticed Beardbeard's ghost (novice FoFi)
  4720 | D:5      | Entered Level 5 of the Dungeon
  4720 | D:5      | Noticed Edmund
  4737 | D:5      | Killed Edmund
  4948 | D:5      | Killed from afar by a gnoll

Skill      XL: |  1  2  3  4  5  6  7 |
---------------+----------------------+-----
Fighting       | 3 4 5 |  5.8
Dodging        | 3 |  3.3
Armour         | 1 2 3 |  3.6
Axes           | 5 6 |  6.6
Shields        | 1 2 3 |  3.1
Throwing       | |  1.7

Action                   |  1- 3 |  4- 6 |  7- 9 || total
-------------------------+-------+-------+-------++-------
Melee: War axe           |   110 |   188 |    92 ||   390
  Use: Scroll            |       |     2 |     2 ||     4
       Potion            |       |     1 |     3 ||     4
  Eat: Chunk             |     2 |     6 |     4 ||    12
       Fruit             |       |       |     1 ||     1
Armor: Leather armour    |    59 |    75 |     6 ||   140
       Ring mail         |       |       |    16 ||    16
       Skin              |       |       |    14 ||    14
Dodge: Dodged            |    96 |   151 |    61 ||   308
Block: Buckler           |       |    17 |    23 ||    40
